 Dungeon Crawl Stone Soup version 0.27.1 (webtiles) character file.

Game seed: 15103168332819966625

1067 funkygono the Firebug (level 8, -1/42 HPs)
             Began as a Gargoyle Fire Elementalist on Aug 23, 2021.
             Shot with an arrow by a centaur (11 damage)
             ... on level 6 of the Dungeon.
             The game lasted 00:10:34 (5848 turns).

funkygono the Firebug (Gargoyle Fire Elementalist)  Turns: 5848, Time: 00:10:35

Health: -1/42      AC: 10    Str: 12    XL:     8   Next: 28%
Magic:  8/16       EV: 12    Int: 18    God:
Gold:   257        SH:  0    Dex: 10    Spells: 5/18 levels left

rFire    . . .     SeeInvis .   b - +6 mace
rCold    . . .     Faith    .   (no shield)
rNeg     + . .     Spirit   .   a - +0 robe
rPois    ∞         Reflect  .   (no helmet)
rElec    +         Harm     .   i - +0 cloak
rCorr    .         Rampage  .   c - +0 pair of gloves
Will     .....                  e - +0 pair of boots
Stlth    ++........             (no amulet)
HPRegen  0.14/turn              (no ring)
MPRegen  0.15/turn              (no ring)

@: no status effects
A: sickness immunity, AC +5, negative energy resistance 1, electricity
resistance, torment resistance 1, petrification resistance
a: no special abilities


You were on level 6 of the Dungeon.
You visited 1 branch of the dungeon, and saw 6 of its levels.

You collected 257 gold pieces.

Inventory:

Hand Weapons
 b - a +6 mace (weapon)
 h - a +2 quarterstaff of chaos
 n - a +0 vorpal flail
Missiles
 g - 142 stones
Armour
 a - a +0 robe (worn)
 c - a +0 pair of gloves (worn)
 e - a +0 pair of boots (worn)
 i - a +0 cloak (worn)
Wands
 j - a wand of flame (10)
 k - a wand of iceblast (11)
Scrolls
 m - a scroll of amnesia
Potions
 d - 4 potions of curing {unknown}
 f - a potion of attraction {unknown}
 l - a potion of flight {unknown}
 o - a potion of lignification {unknown}
 q - a potion of mutation {unknown}


   Skills:
 + Level 0.6 Fighting
 + Level 2.5 Maces & Flails
 + Level 2.4 Dodging
 - Level 2.1 Stealth
 * Level 5.5 Spellcasting
 * Level 4.3 Conjurations
 * Level 5.8 Fire Magic


You had 5 spell levels left.
You knew the following spells:

 Your Spells              Type           Power      Damage    Failure   Level
a - Foxfire               Conj/Fire      92%        2x1d8     1%          1
b - Conjure Flame         Conj/Fire      23%        6-21      4%          3
c - Sticky Flame          Conj/Fire      23%        2d4       16%         4
d - Fireball              Conj/Fire      11%        3d7       38%         5

Your spell library contained the following spells:

 Spells                   Type           Power      Damage    Failure   Level
 Inner Flame              Hex/Fire       15%        N/A       12%         3
 Corona                   Hex            5%         N/A       13%         1
 Ensorcelled Hibernation  Hex/Ice        10%        N/A       19%         2
 Slow                     Hex            5%         N/A       19%         2
 Call Canine Familiar     Summ           5%         N/A       36%         3
 Confusing Touch          Hex            5%         N/A       36%         3
 Portal Projectile        Hex/Tloc       10%        N/A       36%         3
 Tukima's Dance           Hex            5%         N/A       36%         3
 Leda's Liquefaction      Hex/Erth       2%         N/A       77%         4
 Yara's Violent Unravell  Hex/Tmut       2%         3d3       98%         5


Dungeon Overview and Level Annotations

Branches:
Dungeon (6/15)
 Temple: D:4-7

Altars:
Makhleb
Okawaru
Trog
Uskayaw


Innate Abilities, Weirdness & Mutations

You are immune to sickness and miasma.
Your stone body is resilient. (AC +5)
You are immune to poison.
You resist negative energy. (rN+)
You are resistant to electric shocks. (rElec)
You are resistant to unholy torment.
You are immune to petrification.


Message History

Casting: Foxfire (safe; 1% risk of failure)
Confirm with . or Enter, or press ? or * to list all spells.
You conjure some foxfire!
The foxfire hits the steam dragon.
The steam dragon is moderately wounded.
The foxfire hits the steam dragon.
The steam dragon is moderately wounded.
The foxfire hits the steam dragon.
The steam dragon is heavily wounded.
The foxfire hits the steam dragon but does no damage.
The steam dragon is heavily wounded.
Casting: Foxfire (safe; 1% risk of failure)
Confirm with . or Enter, or press ? or * to list all spells.
You conjure some foxfire!
The foxfire hits the steam dragon.
The steam dragon is heavily wounded.
The foxfire hits the steam dragon but does no damage.
The steam dragon is heavily wounded.
The centaur wields a +0 shortbow.
The centaur shoots an arrow.
The arrow closely misses you.
Casting: Foxfire (safe; 1% risk of failure)
Confirm with . or Enter, or press ? or * to list all spells.
You conjure some foxfire!
You are engulfed in a cloud of scalding steam.
The foxfire hits the steam dragon.
The steam dragon is heavily wounded.
The foxfire hits the steam dragon.
The steam dragon is severely wounded.
A centaur zombie comes into view.
Casting: Foxfire (safe; 1% risk of failure)
Confirm with . or Enter, or press ? or * to list all spells.
You conjure some foxfire!
The foxfire hits the steam dragon.
The steam dragon is severely wounded.
The centaur shoots an arrow.
The arrow hits you!
A jelly comes into view.
The steam dragon breathes steam at you. The ball of steam hits you!
* * * LOW HITPOINT WARNING * * *
The ball of steam hits your foxfire.
Your foxfire resists.
The centaur shoots an arrow.
The arrow hits you!
You die...

.###.#. .....#.
... #....#. ...
§...... ....
....... .....
....... #Z....
.......###......
.......§v§......
......§v@§D.....
.?..J.##v.......
...... #>..c....
....# .........
.... .........
... #.........
.. .........?
..........


You could see a steam dragon (catching breath, ally target), a centaur and a
centaur zombie.

Vanquished Creatures
  Edmund (D:4)
  An ogre (D:5)
  A centaur (D:5)
  3 scorpions
  2 water moccasin zombies (D:5)
  A wyvern skeleton (D:5)
  A howler monkey (D:4)
  A bullfrog zombie (D:5)
  A centaur zombie (D:5)
  Crazy Yiuf (D:3)
  Natasha (thrice) (D:2)
  2 iguanas (D:5)
  2 gnolls (D:3)
  7 adders
  2 shadow imps
  A white imp (D:5)
  A worm (D:4)
  2 dart slugs
  3 orcs (D:4)
  11 ball pythons
  8 endoplasms
  2 giant cockroaches
  7 goblins
  8 hobgoblins
  4 jackals (D:1)
  8 kobolds
  6 quokkas
  10 bats
  12 frilled lizards
  A rat (D:2)
113 creatures vanquished.

Vanquished Creatures (collateral kills)
  3 foxfires (D:5)
3 creatures vanquished.

Vanquished Creatures (others)
  383 foxfires
383 creatures vanquished.

Grand Total: 499 creatures vanquished

Notes
Turn   | Place    | Note
-------+----------+-------------------------------------------
     0 | D:1      | funkygono the Gargoyle Fire Elementalist began the quest
                  | for the Orb.
     0 | D:1      | Reached XP level 1. HP: 10/10 MP: 3/3
   283 | D:1      | Reached XP level 2. HP: 15/15 MP: 0/5
   653 | D:1      | Found a faded altar of an unknown god.
   783 | D:1      | Reached XP level 3. HP: 19/19 MP: 0/6
   787 | D:1      | Learned a level 3 spell: Conjure Flame
  1795 | D:2      | Reached XP level 4. HP: 24/24 MP: 4/8
  1992 | D:2      | Noticed Natasha
  2003 | D:2      | Killed Natasha
  2225 | D:2      | Noticed Natasha
  2243 | D:2      | Killed Natasha
  2244 | D:2      | Reached XP level 5. HP: 24/28 MP: 0/10
  2403 | D:2      | Noticed Natasha
  2410 | D:2      | Killed Natasha
  2453 | D:2      | Learned a level 4 spell: Sticky Flame
  2914 | D:3      | Found a hide-covered altar of Uskayaw.
  3512 | D:3      | Found an iron altar of Okawaru.
  3626 | D:3      | Found a runed translucent door.
  3627 | D:3      | Noticed Crazy Yiuf
  3641 | D:3      | Killed Crazy Yiuf
  3642 | D:3      | Reached XP level 6. HP: 13/32 MP: 6/12
  3925 | D:3      | Learned a level 5 spell: Fireball
  4471 | D:4      | Reached skill level 1 in Maces & Flails
  4562 | D:4      | Noticed Edmund
  4574 | D:4      | Killed Edmund
  4575 | D:4      | Reached XP level 7. HP: 29/36 MP: 2/14
  4700 | D:4      | You fall into a shaft and drop 1 floor!
  4700 | D:5      | Entered Level 5 of the Dungeon
  4710 | D:5      | Reached skill level 5 in Fire Magic
  4905 | D:5      | Reached skill level 5 in Spellcasting
  5195 | D:5      | Found a burning altar of Makhleb.
  5249 | D:5      | Found a bloodstained altar of Trog.
  5387 | D:5      | Reached XP level 8. HP: 22/42 MP: 3/16
  5848 | D:6      | Shot with an arrow by a centaur

Illustrated notes

Levels and vault maps discovered:
D:1:      minmay_arrival_stone_box, layout_basic,
          hellmonk_ecumenical_altar_slurped_away, minmay_lizard_pond
D:2:      layout_rooms, minivault_14, uniq_natasha
D:3:      layout_loops_ring, okawaru_altar_gauntlet_db,
          nicolae_uskayaw_suspiria, dk_noncrumbling_2, uniq_crazy_yiuf_cottage
D:4:      layout_basic, uniq_edmund
D:5:      layout_basic, mainiacjoe_overflow_tiny_flanked,
          general_overflow_altar, serial_corexii_hall, chequers_hall_statues_y,
          chequers_hall_statues_wall_a
D:6:      layout_cave_pools, mainiacjoe_overflow_catwalk, minmay_lizard_king,
          uniq_blork_the_orc, uniq_duvessa, uniq_grinder

Skill      XL: |  1  2  3  4  5  6  7  8 |
---------------+-------------------------+-----
Spellcasting   | 3 4 5 |  5.5
Conjurations   | 2 3 4 |  4.3
Fire Magic     | 4 5 |  5.8
Maces & Flails | 1 2 |  2.5
Dodging        | 2 |  2.4
Fighting       | |  0.6
Stealth        | |  2.1

Action                   |  1- 3 |  4- 6 |  7- 9 || total
-------------------------+-------+-------+-------++-------
Melee: Mace              |    15 |    33 |    22 ||    70
 Cast: Foxfire           |    61 |   104 |    62 ||   227
       Conjure Flame     |       |     2 |       ||     2
       Sticky Flame      |       |     1 |       ||     1
  Use: Scroll            |     1 |     1 |     3 ||     5
Armor: Robe              |    22 |    29 |    20 ||    71
Dodge: Dodged            |    46 |    49 |    31 ||   126
